 Dungeon Crawl Stone Soup version 0.30-a0-23-ge60ba3568b (webtiles) character file.

Game seed: 11108284791549755410

122215 Charly the Unseen (level 16, -1/68 (70) HPs)
             Began as a Spriggan Enchanter on Aug 24, 2022.
             Was a Plaything of Xom.
             Slain by a black mamba (7 damage)
             ... on level 1 of the Snake Pit.
             The game lasted 02:40:14 (36193 turns).

Charly the Unseen (Spriggan Enchanter)             Turns: 36193, Time: 02:40:14

HP:   -1/68 (70)    AC: 10    Str:  9    XL:     16   Next: 34%
MP:   0/32          EV: 27    Int: 25    God:    Xom [.....*]
Gold: 66            SH:  8    Dex: 14    Spells: 14/37 levels left

rFire   + + +      SeeInvis +    b - +5 rapier (speed)
rCold   + + .      Faith    .    y - +2 buckler {rC+}
rNeg    . . .      Spirit   +    O - +1 acid dragon scales
rPois   .          Reflect  .    (helmet restricted)
rElec   +          Harm     .    W - +2 cloak {Stlth+}
rCorr   +          Rampage  .    (gloves unavailable)
Will    +++..                    (boots unavailable)
Stlth   ++++++++..               T - amulet of guardian spirit
HPRegen 0.21/turn                P - +4 ring of slaying
MPRegen 0.23/turn                f - ring "Qojiam" {*Slow rElec rF++ rC+ EV+4}

@: slowed, lightly drained, unable to read, quick
A: very small, no large weapons, unfitting armour, see invisible, speed 3, fangs
1, hooves 1, clever 1, fire resistance 1, frail 2, strong-willed 1, mutation
resistance 1, sense surroundings 1, strong 1, inability to read after injury 1
a: Renounce Religion


You were on level 1 of the Snake Pit.
You worshipped Xom.
You were Xom's teddy bear.
You visited 6 branches of the dungeon, and saw 25 of its levels.
You visited the Abyss 1 time.
You visited 1 bazaar.
You also visited: Bailey, Gauntlet and Ice Cave.

You collected 3402 gold pieces.
You spent 3336 gold pieces at shops.

Inventory:

Hand Weapons
 a - the +5 rapier "Charly's Foe" {venom, rN+}
   (You bought it in a shop on level 1 of the Dungeon)

   It poisons the flesh of those it strikes.
   rN:        It protects you from negative energy.
 b - a +5 rapier of speed (weapon)
 V - a +0 quick blade
Missiles
 u - 5 throwing nets
 Q - 5 datura-tipped darts
Armour
 y - a +2 buckler of cold resistance (worn)
 O - +1 acid dragon scales (worn)
 U - a +1 robe of the Archmagi
 W - a +2 cloak of stealth (worn)
Jewellery
 f - the ring "Qojiam" (right hand) {*Slow rElec rF++ rC+ EV+4}
   (You bought it in a shop on level 1 of the Dungeon)

   [ring of evasion]

   EV:        It affects your evasion (+4).
   rF:        It greatly protects you from fire.
   rC:        It protects you from cold.
   rElec:     It insulates you from electricity.
   *Slow:     It may slow you when you take damage.
 m - a ring of willpower
 p - the ring "Paitinn" {rPois rC- rN+ Dex+5}
   (You found it in a Gauntlet)

   [ring of positive energy]

   Dex:       It affects your dexterity (+5).
   rC:        It makes you vulnerable to cold.
   rPois:     It protects you from poison.
   rN:        It protects you from negative energy.
 P - a +4 ring of slaying (left hand)
 T - an amulet of guardian spirit (around neck)
Wands
 c - a wand of mindburst (5)
 x - a wand of digging (2)
 z - a wand of polymorph (18)
 D - a wand of flame (31)
 K - a wand of paralysis (15)
 X - a wand of roots (20)
Scrolls
 d - 5 scrolls of blinking
 i - 13 scrolls of teleportation
 n - 2 scrolls of magic mapping
 o - 3 scrolls of fear
 r - 7 scrolls of poison
 s - 6 scrolls of fog
 B - 5 scrolls of immolation
 G - 3 scrolls of amnesia
 H - a scroll of summoning
 I - a scroll of silence
Potions
 e - 4 potions of cancellation
 h - 3 potions of might
 j - 4 potions of flight
 k - 12 potions of curing
 l - 2 potions of ambrosia
 t - 9 potions of heal wounds
 v - 7 potions of haste
 w - 4 potions of invisibility
 C - 2 potions of magic
 E - 6 potions of berserk rage
 F - 3 potions of attraction
 J - 7 potions of brilliance
 N - 4 potions of lignification
 S - a potion of resistance
Miscellaneous
 g - a box of beasts
 A - a condenser vane
 L - a lightning rod (4/4)
 M - a piece from Xom's chessboard (15/15)
 R - a phial of floods


   Skills:
 - Level 11.5 Fighting
 - Level 12.0 Short Blades
 - Level 15.6 Dodging
 - Level 20.5 Stealth
 - Level 4.0 Shields
 + Level 11.3 Spellcasting
 - Level 5.0 Conjurations
 - Level 9.0 Hexes
 + Level 11.1 Transmutations
 + Level 1.6 Ice Magic
 - Level 6.3 Evocations


You had 14 spell levels left.
You knew the following spells:

 Your Spells              Type           Power      Damage    Failure   Level
a - Ozocubu's Armour      Ice            22%        N/A       22%         3
b - Beastly Appendage     Tmut           100%       N/A       1%          1
c - Confusing Touch       Hex            56%        N/A       1%          3
d - Dazzling Flash        Conj/Hex       98%        N/A       2%          3
i - Ignite Poison         Fire/Tmut/Pois 32%        N/A       10%         3
p - Passwall              Tmut/Erth      34%        N/A       2%          2
t - Tukima's Dance        Hex            56%        N/A       1%          3
z - Irradiate             Conj/Tmut      26%        3d20      14%         5

Your spell library contained the following spells:

 Spells                   Type           Power      Damage    Failure   Level
 Ensorcelled Hibernation  Hex/Ice        80%        N/A       2%          2
 Shock                    Conj/Air       100%       1d9       5%          1
 Ice Form                 Ice/Tmut       46%        N/A       11%         4
 Apportation              Tloc           28%        N/A       14%         1
 Necrotise                Necr           56%        1d6       14%         1
 Summon Small Mammal      Summ           56%        N/A       14%         1
 Petrify                  Tmut/Erth      41%        N/A       14%         4
 Sublimation of Blood     Necr           14%        N/A       22%         2
 Hailstorm                Conj/Ice       30%        3d8       36%         4
 Swiftness                Air            14%        N/A       41%         3
 Iskenderun's Mystic Bla  Conj/Tloc      26%        2d7       45%         4
 Airstrike                Air            7%         2d(1-17)  82%         4
 Animate Dead             Necr           14%        N/A       82%         4
 Corpse Rot               Necr/Pois/Air  14%        N/A       82%         4
 Dispel Undead            Necr           14%        3d10      82%         4
 Olgreb's Toxic Radiance  Pois           14%        N/A       82%         4
 Summon Lightning Spire   Summ/Air       14%        N/A       82%         4
 Borgnjor's Vile Clutch   Necr/Erth      7%         N/A       99%         5
 Death Channel            Necr           7%         N/A       100%        6
 Simulacrum               Ice/Necr       9%         N/A       100%        6
 Starburst                Conj/Fire      13%        6d5       100%        6
 Ozocubu's Refrigeration  Ice            11%        4d9       100%        7
 Ignition                 Fire           7%         3d4       100%        8


Dungeon Overview and Level Annotations

Branches:
Dungeon (15/15)            Temple (1/1) D:7            Lair (5/5) D:10
  Swamp (1/4) Lair:3        Snake (1/4) Lair:2        Slime (0/5) Lair:4
    Orc (2/2) D:12            Elf (0/3) Orc:2        Vaults (0/5) D:14
 Depths (0/4) D:15         Bailey (visited)           IceCv (visited)
Gauntlet (visited)

Altars:
Ashenzari
Cheibriados
Dithmenos
Elyvilon
Fedhas
Gozag
Hepliaklqana
Kikubaaqudgha
Makhleb
Nemelex Xobeh
Okawaru
Qazlal
Ru
Sif Muna
Trog
Uskayaw
Vehumet
Wu Jian
Xom
Yredelemnul
Zin
The Shining One
Jiyva

Shops:
D:1 =?([   D:5 (?   D:11 *   D:14 *?:   Orc:1 *   Orc:2 ?(:!


Innate Abilities, Weirdness & Mutations

You are very small and have problems with some larger weapons.
You are too small for most types of armour.
You have supernaturally acute eyesight. (SInv)
You cover ground extremely quickly. (Speed+++)
You have very sharp teeth.
You have large cloven feet.
Your mind is acute. (Int +4, Str/Dex -1)
Your flesh is heat resistant. (rF+)
You are very frail. (-20% HP)
You are strong-willed. (Will+)
You are somewhat resistant to further mutation.
You passively map a small area around you.
Your muscles are strong. (Str +4, Int/Dex -1)
You occasionally lose the ability to read scrolls when taking damage.


Message History

You feel your power leaking away.
You miss the mana viper. Your kick misses the mana viper.
The mana viper is lightly wounded.
Xom smiles on you. Magic courses through your body.
The black mamba seems less confused.
The mana viper bites you but does no damage.
You closely miss the black mamba.
You bite the black mamba, but do no damage.
The black mamba is lightly wounded.
The black mamba barely misses you. The mana viper bites you!
You feel your power leaking away.
You hit the black mamba. Your bite misses the black mamba.
The black mamba is moderately wounded.
The black mamba bites you but does no damage.
You block the mana viper's attack.
You hit the black mamba.
The black mamba is moderately wounded.
The black mamba closely misses you. The black mamba completely misses you.
The mana viper bites you!
You feel threatened and lose the ability to read scrolls!
You feel your power leaking away.
You hit the black mamba.
You kick the black mamba, but do no damage.
The black mamba is moderately wounded.
The black mamba bites you! You block the mana viper's attack.
You closely miss the black mamba.
The black mamba is moderately wounded.
The black mamba bites you!
* * * LOW HITPOINT WARNING * * *
Xom thinks this is hilarious!
You feel as though you will be slow longer.
You are lethally poisoned!
The black mamba poisons you! The mana viper misses you.
You feel better. The black mamba bites you!
* * * LOW HITPOINT WARNING * * *
Xom thinks this is hilarious!
You block the black mamba's attack. You block the mana viper's attack.
The black mamba bites you!
You die...
Xom roars with laughter!

, * ,##'...#####.'#..#...#
,, #.##...÷.....#..#...# ,
, ,#..###.....###..#.... ,
, .. #.^# ####### #..#....
,, ...*#..## #..#....
....###..## ##..##.).. ,,
......##...## ##...#..... *
.......##...# #...##..... *
*#......##@.# #..##....## ,
#.......#SS#####..#......#
,*
........†..).......#.....#
........#.#................
....##..)..................
...........#............#..
.........#..............##.
,,~
........###..#?......#...##
.............#.......##....


You could see a mana viper and a black mamba.

Vanquished Creatures
  Jorgrun (D:15)
  2 orc warlords
  Nessos (D:14)
  An ettin (Orc:1)
  Fannar (Orc:1)
  A rakshasa (D:12)
  Harold (Orc:1)
  2 boulder beetles
  7 hydras
  9 two-headed ogres
  A catoblepas (D:13)
  2 anacondas
  A naga warrior (Snake:1)
  2 centaur warriors
  2 ogre magi
  3 tengu warriors
  8 death yaks
  A shock serpent (Snake:1)
  Urug (D:12)
  Sonja (D:11)
  3 skeletal warriors (D:15)
  A sea snake (Snake:1)
  A bog body (Lair:3)
  3 wizards
  5 orc knights
  A wolf spider zombie (D:15)
  3 deep elf pyromancers
  A mana viper (Snake:1)
  A wolf spider (Lair:5)
  13 ugly things
  4 orc sorcerers
  3 necromancers
  An oklob plant (Lair:4)
  A cyclops (D:14)
  22 elephants
  A manticore (D:12)
  Maurice (Orc:1)
  21 black mambas
  2 naga magi (Snake:1)
  A guardian serpent (Lair:5)
  2 torpor snails
  4 gargoyles
  2 yaktaurs (D:15)
  2 unseen horrors (D:12)
  13 cane toads
  An efreet (D:13)
  7 komodo dragons
  2 freezing wraiths (IceCv)
  14 ice devils (IceCv)
  A rime drake (Lair:2)
  A tengu conjurer (D:15)
  7 trolls
  A queen bee (Lair:1)
  3 meliai (D:14)
  17 blink frogs
  6 hornets
  6 dream sheep (Lair:4)
  A centaur simulacrum (D:15)
  3 wraiths
  A shadow (D:12)
  A fire elemental (Lair:5)
  16 humans (D:14)
  2 dire elephant simulacra (IceCv)
  35 yaks
  2 basilisks (Lair:4)
  14 wyverns
  4 fire bats (Lair:5)
  2 steam dragons
  A basilisk (shapeshifter) (D:14)
  A dancing weapon (Bailey)
  3 redbacks (Lair:5)
  6 vampire mosquitoes
  9 death yak simulacra (IceCv)
  4 harpy simulacra (IceCv)
  5 wargs
  5 nagas
  15 water moccasins
  3 acid dragons
  A hydra simulacrum (IceCv)
  38 orc warriors
  A meliai simulacrum (D:15)
  3 black bears (D:6)
  13 ogres
  16 centaurs
  35 wolves
  3 kobold brigands
  Blork the orc (D:6)
  11 bullfrogs
  A necrophage (D:4)
  A gnoll sergeant (D:10)
  3 cane toad simulacra (IceCv)
  A scorpion (D:6)
  A two-headed ogre simulacrum (IceCv)
  7 wights
  4 elephant simulacra (IceCv)
  15 killer bees
  10 electric eels
  5 howler monkeys
  A gnoll bouda (D:6)
  6 jellies
  22 orc priests
  3 hounds
  3 iguanas
  Ijyb (D:4)
  23 orc wizards
  A polar bear simulacrum (IceCv)
  3 wolf simulacra (IceCv)
  A mummy (D:10)
  11 gnolls
  17 adders
  3 naga simulacra (IceCv)
  2 shadow imps (Gauntlet)
  6 white imps
  3 ufetubi
  A worm (D:2)
  5 dart slugs
  91 orcs
  6 ball pythons
  7 endoplasms
  3 giant cockroaches
  8 goblins
  7 hobgoblins
  6 jackals
  17 kobolds
  3 quokkas
  3 bats (D:3)
  A frilled lizard (D:1)
  3 rats
  A bush (Lair:4)
  A fire vortex (Lair:5)
798 creatures vanquished.

Vanquished Creatures (collateral kills)
  2 skeletal warriors (D:15)
  A yaktaur (D:15)
  2 yaks (Lair:4)
  Eustachio (D:6)
  A swamp drake (Lair:4)
  5 orc warriors
  A wolf (Gauntlet)
  5 wights
  An orc priest (D:8)
  A jelly (Lair:4)
  6 gnolls
  6 orcs
  5 goblins (Bailey)
  8 hobgoblins (Bailey)
45 creatures vanquished.

Vanquished Creatures (others)
  A yak (Lair:4)
  14 dancing weapons
  A centaur (Orc:2)
  2 orcs
  2 demonic plants (D:2)
  47 fungi
  170 plants
  A withered plant (Gauntlet)
238 creatures vanquished.

Grand Total: 1081 creatures vanquished

Notes
Turn   | Place    | Note
-------+----------+-------------------------------------------
     0 | D:1      | Charly the Spriggan Enchanter began the quest for the Orb.
     0 | D:1      | Reached XP level 1. HP: 9/9 MP: 5/5
   705 | D:1      | Found Vudannanate's Jewellery Boutique.
   880 | D:1      | Found Meuq's Magic Scroll Shoppe.
  1039 | D:1      | Found Wotiedgh's Weapon Shoppe.
  1843 | D:1      | Reached XP level 2. HP: 13/14 MP: 6/6
  1853 | D:1      | Learned a level 2 spell: Ensorcelled Hibernation
  1881 | D:1      | Reached skill level 5 in Stealth
  2056 | D:1      | Reached skill level 1 in Fighting
  2083 | D:1      | Found Saozeops's Armour Emporium.
  2391 | D:2      | Reached XP level 3. HP: 18/18 MP: 8/8
  2395 | D:2      | Learned a level 3 spell: Confusing Touch
  2429 | D:1      | Bought a scroll of identify for 28 gold pieces
  2860 | D:2      | Found a runed translucent door.
  2861 | D:2      | Noticed Crazy Yiuf
  3273 | D:2      | Found a faded altar of an unknown god.
  3467 | D:1      | Bought a scroll of identify for 28 gold pieces
  3648 | D:3      | Reached skill level 6 in Stealth
  3648 | D:3      | Reached XP level 4. HP: 23/23 MP: 9/9
  3652 | D:3      | Learned a level 3 spell: Tukima's Dance
  3807 | D:3      | Found a burning altar of Makhleb.
  3860 | D:3      | Identified the ring "Kefruoki" {Ice rN+}
  3917 | D:1      | Bought a scroll of fear for 56 gold pieces
  4828 | D:4      | Noticed a necrophage
  4856 | D:4      | Killed a necrophage
  4857 | D:4      | Reached XP level 5. HP: 20/27 MP: 7/10
  5052 | D:1      | Bought a scroll of teleportation for 42 gold pieces
  5052 | D:1      | Bought a scroll of identify for 28 gold pieces
  5135 | D:3      | Found a burning altar of Makhleb.
  5280 | D:3      | Reached skill level 7 in Stealth
  6113 | D:4      | Noticed Ijyb
  6118 | D:4      | Killed Ijyb
  6119 | D:4      | Reached skill level 5 in Hexes
  6119 | D:4      | Reached XP level 6. HP: 32/32 MP: 11/11
  6342 | D:5      | Entered Level 5 of the Dungeon
  6365 | D:5      | Found Vugig's Weapon Boutique.
  6515 | D:5      | Noticed a steam dragon
  6522 | D:5      | Killed a steam dragon
  6523 | D:5      | Reached skill level 8 in Stealth
  6593 | D:5      | Reached XP level 7. HP: 36/36 MP: 13/13
  6808 | D:5      | Found Senuash's Magic Scroll Boutique.
  6962 | D:6      | Noticed Blork the orc
  6996 | D:6      | Killed Blork the orc
  7137 | D:6      | Reached skill level 9 in Stealth
  7140 | D:6      | Noticed Eustachio
  7195 | D:6      | Killed Eustachio
  7196 | D:6      | Reached XP level 8. HP: 42/42 MP: 8/16
  7447 | D:6      | Reached skill level 5 in Spellcasting
  7591 | D:6      | Found a sacrificial altar of Ru.
  7903 | D:6      | Reached skill level 10 in Stealth
  8193 | D:6      | Reached skill level 5 in Fighting
  8362 | D:6      | Reached XP level 9. HP: 47/47 MP: 10/19
  8723 | D:5      | Bought a scroll of fog for 56 gold pieces
  8885 | D:7      | Learned a level 3 spell: Dazzling Flash
  8921 | D:7      | Reached skill level 11 in Stealth
  9536 | D:7      | Found a staircase to the Ecumenical Temple.
  9543 | Temple   | Entered the Ecumenical Temple
  9641 | Temple   | Became a worshipper of Xom the Psychotic
  9906 | D:8      | Found a flagged portal.
  9933 | D:8      | XOM: potion effect (might)
  9957 | Bailey   | Entered a bailey
 10256 | Bailey   | XOM: cast spell 'Alistair's Intoxication'
 10514 | Bailey   | Noticed an orc warlord
 10557 | Bailey   | Reached skill level 5 in Dodging
 10755 | Bailey   | XOM: silly message
 10774 | Bailey   | Reached skill level 12 in Stealth
 10900 | Bailey   | XOM: silly message
 10933 | Bailey   | Reached XP level 10. HP: 53/53 MP: 14/21
 10989 | Bailey   | XOM: cast spell 'Disjunction'
 10991 | Bailey   | XOM: scenery: 1 fountains blood, 4 doors close
 10998 | Bailey   | XOM: noise
 11007 | Bailey   | Killed an orc warlord
 11098 | Bailey   | XOM: polymorph gnoll -> hound
 11154 | Abyss:3  | Found a corrupted altar of Lugonu.
 11154 | Abyss:3  | Cast into level 3 of the Abyss (Xom)
 11175 | Abyss:3  | Noticed a smoke demon
 11194 | Abyss:3  | Noticed a thrashing horror
 11194 | Abyss:3  | Noticed a thrashing horror
 11200 | Bailey   | Escaped the Abyss
 11214 | Bailey   | XOM: give mutations
 11214 | Bailey   | Gained mutation: You are weak. (Str -2) [Xom's mischief]
 11214 | Bailey   | Gained mutation: You are dopey. (Int -2) [Xom's mischief]
 11214 | Bailey   | Gained mutation: Your magical capacity is low. (-10% MP)
                  | [Xom's mischief]
 11235 | D:8      | Reached skill level 14 in Stealth
 11235 | D:8      | Reached XP level 11. HP: 58/58 MP: 20/20
 11236 | D:8      | Lost mutation: You are dopey. (Int -2) [potion of mutation]
 11236 | D:8      | Lost mutation: Your magical capacity is low. (-10% MP)
                  | [potion of mutation]
 11236 | D:8      | Gained mutation: You are covered in fur. (AC +1) [potion of
                  | mutation]
 11236 | D:8      | Gained mutation: You are strong-willed. (Will+) [potion of
                  | mutation]
 11281 | D:8      | XOM: give mutations
 11281 | D:8      | Gained mutation: Your mind is acute. (Int +4, Str/Dex -1)
                  | [Xom's mischief]
 11281 | D:8      | Lost mutation: You are covered in fur. (AC +1) [Xom's
                  | mischief]
 11281 | D:8      | Gained mutation: You occasionally shout uncontrollably at
                  | your foes. [Xom's mischief]
 11607 | D:8      | XOM: 10-stop teleportation journey
 12851 | D:9      | XOM: potion effect (might)
 13061 | D:9      | Reached skill level 15 in Stealth
 13210 | D:10     | Entered Level 10 of the Dungeon
 13619 | D:10     | XOM: confuse monster(s)
 13625 | D:10     | Reached skill level 10 in Dodging
 13846 | D:10     | Found a staircase to the Lair.
 13964 | D:10     | Found a snail-covered altar of Cheibriados.
 14035 | D:10     | XOM: silly message
 14063 | D:10     | Found a radiant altar of Vehumet.
 14079 | D:10     | Got the Catalogue of Transforming Accomplices
 14082 | D:10     | Learned a level 1 spell: Beastly Appendage
 14086 | D:10     | Learned a level 3 spell: Ignite Poison
 14189 | D:10     | XOM: god gift: potion of might
 14231 | D:10     | XOM: noise
 14428 | D:10     | Found an iron altar of Okawaru.
 14437 | D:10     | Found a hide-covered altar of Uskayaw.
 14557 | Lair:1   | Entered Level 1 of the Lair of Beasts
 14615 | Lair:1   | XOM: god gift: 789 gold pieces
 14776 | D:4      | XOM: give mutations
 14776 | D:4      | Gained mutation: You have a pair of small horns on your
                  | head. [Xom's grace]
 14776 | D:4      | Gained mutation: Your spells are a little harder to cast,
                  | but a little more powerful. [Xom's grace]
 14776 | D:4      | Gained mutation: You have sharp toenails. [Xom's grace]
 14776 | D:4      | Gained mutation: You are partially covered in iridescent
                  | scales. (AC +2) [Xom's grace]
 14835 | D:1      | Bought the +5 rapier "Charly's Foe" {venom, rN+} for 574
                  | gold pieces
 14854 | D:1      | XOM: divination: magic mapping
 14884 | D:1      | Bought an amulet of guardian spirit for 360 gold pieces
 14925 | D:4      | XOM: silly message
 15006 | D:7      | XOM: silly message
 15046 | D:10     | XOM: silly message
 15101 | Lair:1   | XOM: cloud trail
 15183 | Lair:1   | XOM: polymorph yak -> queen bee
 15203 | Lair:1   | Reached skill level 1 in Transmutations
 15205 | Lair:1   | XOM: silly message
 15291 | Lair:1   | XOM: confuse monster(s)
 15301 | Lair:1   | Reached XP level 12. HP: 65/65 MP: 13/23
 16396 | Lair:2   | Noticed a five-headed hydra
 16431 | Lair:1   | XOM: silly message
 16446 | Lair:1   | XOM: noise
 16730 | Lair:1   | XOM: enchant monster (bad)
 17290 | Lair:1   | Reached skill level 16 in Stealth
 17361 | Lair:1   | XOM: silly message
 17709 | Lair:1   | XOM: silly message
 17958 | Lair:2   | XOM: scenery: create altars
 17959 | Lair:2   | XOM: polymorph cane toad -> yak
 17971 | Lair:2   | XOM: summons friendly white imp
 17972 | Lair:2   | XOM: polymorph white imp -> quasit
 18087 | Lair:2   | XOM: god gift: longbow {god gift}
 18091 | Lair:2   | XOM: cleaving
 18164 | Lair:2   | XOM: scenery: summon butterflies
 18517 | Lair:2   | Identified the +0 mace of the Desolation of Salt {pain, rC+
                  | SInv}
 18538 | Lair:2   | XOM: enchant monster (good)
 18649 | Lair:2   | XOM: cast spell 'Necromutation'
 18655 | Lair:2   | Reached skill level 1 in Evocations
 18660 | Lair:2   | XOM: swap monsters
 18674 | Lair:2   | Killed a five-headed hydra
 18761 | Lair:2   | XOM: noise
 18892 | Lair:2   | XOM: stat loss: -1 Dex (13/14)
 19187 | Lair:2   | Found a staircase to the Snake Pit.
 19196 | Lair:2   | XOM: give mutations
 19196 | Lair:2   | Gained mutation: You have hidden genetic potential. [Xom's
                  | grace]
 19196 | Lair:2   | Lost mutation: You have sharp toenails. [Xom's grace]
 19196 | Lair:2   | Gained mutation: You have large cloven feet. [Xom's grace]
 19792 | Lair:3   | XOM: 2-stop teleportation journey
 19824 | Lair:3   | XOM: 1-stop teleportation journey
 19902 | Lair:3   | Reached skill level 17 in Stealth
 20125 | Lair:3   | XOM: silly message
 20217 | Lair:3   | XOM: 2-stop teleportation journey
 20290 | Lair:3   | Found a staircase to the Swamp.
 20296 | Lair:3   | Reached skill level 10 in Short Blades
 20364 | Lair:3   | XOM: give mutation
 20364 | Lair:3   | Lost mutation: You have hidden genetic potential. [Xom's
                  | grace]
 20364 | Lair:3   | Gained mutation: You are somewhat resistant to further
                  | mutation. [Xom's grace]
 20498 | Lair:4   | Found a gate leading to a gauntlet.
 20521 | Lair:4   | XOM: 4-stop teleportation journey
 20524 | Lair:4   | XOM: polymorph water moccasin -> swamp drake
 20528 | Lair:4   | XOM: scenery: create altars
 20541 | Lair:4   | XOM: summons friendly ynoxinul
 20555 | Lair:4   | Reached XP level 13. HP: 53/70 MP: 9/24
 20569 | Lair:4   | XOM: summons friendly shadow imp
 20626 | Gauntlet | Entered a Gauntlet
 20626 | Gauntlet | Found a transporter.
 20734 | Gauntlet | Found a transporter.
 20736 | Gauntlet | Found a transporter.
 20741 | Gauntlet | Found a runed translucent door.
 20743 | Gauntlet | Found a runed translucent door.
 20745 | Gauntlet | Found a transporter.
 20748 | Gauntlet | Found a transporter.
 20753 | Gauntlet | Noticed a blizzard demon
 20757 | Gauntlet | Found a transporter.
 20772 | Gauntlet | Found a transporter.
 20785 | Gauntlet | Found a transporter.
 20797 | Gauntlet | Found a transporter.
 20800 | Gauntlet | Noticed a cacodemon
 20802 | Gauntlet | Found a transporter.
 20819 | Gauntlet | Found a transporter.
 20830 | Gauntlet | Found a transporter.
 20830 | Gauntlet | Found a transporter.
 20837 | Gauntlet | XOM: give mutations
 20837 | Gauntlet | Gained mutation: Your flesh is heat resistant. (rF+) [Xom's
                  | grace]
 20837 | Gauntlet | Gained mutation: Your natural rate of healing is unusually
                  | fast. [Xom's grace]
 20837 | Gauntlet | Gained mutation: You are resistant to electric shocks.
                  | (rElec) [Xom's grace]
 20837 | Gauntlet | Gained mutation: You have hoof-like feet. [Xom's grace]
 20882 | Gauntlet | Found a transporter.
 20993 | Gauntlet | XOM: scenery: summon butterflies
 21018 | Gauntlet | XOM: scenery: summon butterflies
 21124 | Gauntlet | Reached skill level 5 in Evocations
 21131 | Gauntlet | XOM: enchant monster (good)
 21151 | Gauntlet | Identified the ring "Paitinn" {rPois rC- rN+ Dex+5}
 21163 | Gauntlet | Identified the +7 chain mail of Deeply Unsettling Joy {rF+
                  | rC- Will+++ Regen+}
 21163 | Gauntlet | Noticed a minotaur
 21180 | Lair:4   | Reached skill level 18 in Stealth
 21188 | Lair:4   | XOM: 6-stop teleportation journey
 21233 | Lair:4   | Reached skill level 10 in Fighting
 21336 | Lair:4   | XOM: cloud trail
 21396 | Lair:4   | XOM: enchant monster (good)
 21398 | Lair:4   | XOM: enchant monster (good)
 21400 | Lair:4   | XOM: cleaving
 21409 | Lair:4   | XOM: give mutations
 21409 | Lair:4   | Gained mutation: You have a somewhat thin skeletal
                  | structure. (Dex +2, Stealth+) [Xom's grace]
 21409 | Lair:4   | Lost strength.
 21409 | Lair:4   | Gained mutation: Your mind is very acute. (Int +8, Str/Dex
                  | -2) [Xom's grace]
 21418 | Lair:4   | XOM: cleaving
 21441 | Lair:3   | Lost mutation: Your spells are a little harder to cast, but
                  | a little more powerful. [potion of mutation]
 21441 | Lair:3   | Lost mutation: You are weak. (Str -2) [potion of mutation]
 21441 | Lair:3   | Lost mutation: You have a somewhat thin skeletal structure.
                  | (Dex +2, Stealth+) [potion of mutation]
 21441 | Lair:3   | Lost mutation: You have hoof-like feet. [potion of
                  | mutation]
 21523 | Lair:4   | XOM: summons 13 friendly demons
 21540 | Lair:4   | XOM: butterfly on damage
 21543 | Lair:4   | XOM: confuse monster(s)
 21551 | Lair:4   | XOM: potion effect (invisibility)
 21557 | Lair:4   | XOM: swap monsters
 21614 | Lair:4   | XOM: cast spell 'Dispersal'
 21635 | Lair:4   | XOM: enchant monster (good)
 21686 | Lair:4   | XOM: destruction
 21694 | Lair:4   | Identified a scroll of acquirement
 21695 | Lair:4   | Acquired the +0 buckler of Amorality {Rampage Str+5 Int-3
                  | Stlth-}
 21791 | Lair:4   | XOM: cleaving
 21792 | Lair:4   | Found a staircase to the Slime Pits.
 21792 | Lair:4   | Found a viscous altar of Jiyva.
 21796 | Lair:4   | XOM: cleaving
 21797 | Lair:4   | XOM: cast spell 'Call Canine Familiar'
 22109 | Lair:5   | Entered Level 5 of the Lair of Beasts
 22123 | Lair:5   | XOM: summons 5 friendly demons
 22178 | Lair:5   | Reached skill level 1 in Shields
 22236 | Lair:5   | XOM: destruction
 22245 | Lair:5   | XOM: summons 7 hostile demons
 22249 | Lair:5   | XOM: cleaving
 22254 | Lair:5   | XOM: noise
 22257 | Lair:5   | Reached skill level 19 in Stealth
 22258 | Lair:5   | XOM: divination: magic mapping
 22263 | Lair:5   | XOM: swap monsters
 22268 | Lair:5   | XOM: chaos cloud
 22282 | Lair:5   | Reached XP level 14. HP: 68/77 MP: 7/25
 22304 | Lair:5   | Found a frozen archway.
 22313 | IceCv    | Entered an ice cave
 22423 | IceCv    | XOM: silly message
 22430 | IceCv    | XOM: 1-stop teleportation journey
 22495 | IceCv    | XOM: cloud trail
 22586 | IceCv    | XOM: 3-stop teleportation journey
 22625 | IceCv    | XOM: god gift: 54 gold pieces
 22903 | IceCv    | Found an ancient bone altar of Kikubaaqudgha.
 22926 | IceCv    | XOM: confusion (+ monsters)
 22945 | IceCv    | XOM: noise
 22951 | IceCv    | XOM: cast spell 'Disjunction'
 22964 | IceCv    | XOM: enchant monster (good)
 23245 | IceCv    | XOM: summons 4 friendly demons
 23534 | Lair:5   | XOM: cloud trail
 23652 | Lair:5   | XOM: silly message
 23881 | Lair:5   | XOM: divination: detect items
 23889 | Lair:5   | Reached skill level 15 in Dodging
 23894 | Lair:5   | XOM: enchant monster (good)
 23896 | Lair:5   | XOM: confuse monster(s)
 23911 | Lair:5   | XOM: snakes to sticks
 23912 | Lair:5   | XOM: draining
 23936 | Lair:5   | Reached skill level 20 in Stealth
 23945 | Lair:5   | XOM: silly message
 23961 | Lair:5   | XOM: divination: magic mapping
 24343 | Lair:5   | XOM: scenery: summon butterflies
 24382 | Lair:5   | XOM: summons friendly white imp
 24569 | Lair:5   | XOM: stat loss: -1 Dex (17/18)
 24793 | Lair:5   | XOM: give mutations
 24793 | Lair:5   | Lost mutation: You are somewhat resistant to further
                  | mutation. [Xom's mischief]
 24793 | Lair:5   | Lost mutation: Your natural rate of healing is unusually
                  | fast. [Xom's mischief]
 24793 | Lair:5   | Lost mutation: You occasionally shout uncontrollably at
                  | your foes. [Xom's mischief]
 24793 | Lair:5   | Gained mutation: You are frail. (-10% HP) [Xom's mischief]
 24869 | Lair:2   | XOM: summons 1 hostile shadow creature
 24897 | Lair:1   | XOM: stat loss: -1 Int (26/27)
 25085 | D:1      | Bought the ring "Qojiam" {*Slow rElec rF++ rC+ EV+4} for
                  | 826 gold pieces
 25333 | D:11     | XOM: destruction
 25493 | D:11     | Noticed Sonja
 25505 | D:11     | Killed Sonja
 25507 | D:11     | XOM: confusion (+ monsters)
 25731 | D:11     | XOM: give mutations
 25731 | D:11     | Gained mutation: You passively map a small area around you.
                  | [Xom's mischief]
 25731 | D:11     | Lost mutation: You are resistant to electric shocks.
                  | (rElec) [Xom's mischief]
 25750 | D:11     | Found Leamnuer's General Store.
 25771 | D:11     | XOM: give mutation
 25771 | D:11     | Gained mutation: You are weak. (Str -2) [Xom's mischief]
 26289 | D:12     | Found a staircase to the Orcish Mines.
 26327 | D:12     | XOM: draining
 26405 | D:12     | XOM: silly message
 26591 | D:12     | Reached XP level 15. HP: 70/73 MP: 26/26
 26705 | D:12     | XOM: silly message
 27066 | D:12     | Noticed Urug
 27078 | D:12     | Killed Urug
 27152 | D:12     | XOM: silly message
 27153 | D:12     | XOM: silly message
 27508 | D:13     | Learned a level 5 spell: Irradiate
 27514 | D:13     | Found a flickering gateway to a bazaar.
 27570 | Bazaar   | Entered a bazaar
 27583 | Bazaar   | Found Oqow Epy's Antique Weapon Emporium.
 27595 | Bazaar   | Found Exeqalaj's Antique Weapon Shoppe.
 27610 | Bazaar   | Found Goeleval's Antique Armour Shoppe.
 27620 | Bazaar   | Found Reomputaveu's Antique Armour Emporium.
 27749 | D:13     | XOM: 1-stop teleportation journey
 27978 | D:13     | XOM: silly message
 28025 | D:13     | Identified the +1 scale mail of the Moon {Regen+ Int+3}
 28174 | D:13     | Reached skill level 1 in Conjurations
 28441 | D:14     | Noticed Nessos
 28441 | D:14     | Found a gate to the Vaults.
 28514 | D:14     | Found Damokef's Antique Armour Boutique.
 28544 | D:14     | Killed Nessos
 28556 | D:14     | Found Pugral's Magic Scroll Emporium.
 28610 | D:14     | XOM: enchant monster (good)
 28768 | D:14     | XOM: polymorph green ugly thing -> cyan ugly thing
 28774 | D:14     | XOM: cleaving
 28785 | D:14     | Reached skill level 5 in Transmutations
 28922 | D:14     | XOM: silly message
 28959 | D:14     | Found Weacuq's General Store.
 28980 | D:14     | XOM: give mutation
 28980 | D:14     | Lost mutation: You are partially covered in iridescent
                  | scales. (AC +2) [Xom's mischief]
 29114 | D:14     | XOM: enchant monster (bad)
 29240 | D:14     | XOM: cast spell 'Cause Fear'
 29243 | D:14     | XOM: potion effect (berserk rage)
 29250 | D:14     | XOM: scenery: summon butterflies
 29273 | D:14     | XOM: noise
 29491 | D:14     | XOM: divination: detect creatures
 29528 | D:14     | Found Soumpuh's Book Emporium.
 29637 | D:14     | XOM: potion effect (curing)
 29815 | D:14     | XOM: god gift: potion of brilliance
 29831 | D:15     | Entered Level 15 of the Dungeon
 29860 | D:15     | Learned a level 2 spell: Passwall
 30014 | D:15     | XOM: summons friendly quasit
 30023 | D:15     | XOM: enchant monster (bad)
 30029 | D:15     | XOM: enchant monster (bad)
 30033 | D:15     | Noticed Jorgrun
 30033 | D:15     | XOM: 2-stop teleportation journey
 30037 | D:15     | Killed Jorgrun
 30177 | D:15     | XOM: give mutation
 30177 | D:15     | Lost mutation: You are weak. (Str -2) [Xom's mischief]
 30210 | D:15     | XOM: noise
 30561 | D:15     | XOM: confuse monster(s)
 30564 | D:15     | XOM: potion effect (magic)
 30588 | D:15     | XOM: cleaving
 30745 | D:15     | XOM: give mutations
 30745 | D:15     | Gained mutation: Your muscles are strong. (Str +4, Int/Dex
                  | -1) [Xom's grace]
 30745 | D:15     | Gained mutation: You possess an exceptional clarity of
                  | mind. [Xom's grace]
 30745 | D:15     | Gained mutation: You are somewhat resistant to further
                  | mutation. [Xom's grace]
 30915 | D:15     | XOM: torment (51/74 hp)
 31037 | D:15     | XOM: polymorph tengu warrior -> torpor snail
 31208 | D:15     | XOM: enchant monster (bad)
 31320 | D:15     | XOM: enchant monster (bad)
 31323 | D:15     | XOM: chaos upgrade
 31326 | D:15     | XOM: fake destruction
 31329 | D:15     | XOM: scenery: summon butterflies
 31333 | D:15     | XOM: give mutations
 31333 | D:15     | Lost mutation: Your mind is very acute. (Int +8, Str/Dex
                  | -2) [Xom's mischief]
 31333 | D:15     | Gained mutation: You occasionally shout uncontrollably at
                  | your foes. [Xom's mischief]
 31333 | D:15     | Gained mutation: You occasionally lose the ability to read
                  | scrolls when taking damage. [Xom's mischief]
 31333 | D:15     | Lost mutation: You have a pair of small horns on your head.
                  | [Xom's mischief]
 31361 | D:15     | XOM: 1-stop teleportation journey
 31384 | D:15     | Reached skill level 10 in Spellcasting
 31605 | D:15     | XOM: give mutation
 31605 | D:15     | Gained mutation: You have very sharp teeth. [Xom's
                  | mischief]
 31712 | D:15     | Found a staircase to the Depths.
 31723 | D:15     | XOM: polymorph necromancer -> anaconda
 32173 | Orc:1    | Entered Level 1 of the Orcish Mines
 32235 | Orc:1    | XOM: cleaving
 32256 | Orc:1    | Reached XP level 16. HP: 65/79 MP: 18/31
 32396 | Orc:1    | Noticed Harold
 32397 | Orc:1    | XOM: draining
 32416 | Orc:1    | Killed Harold
 32557 | Orc:2    | Entered Level 2 of the Orcish Mines
 32559 | Orc:2    | XOM: swap monsters
 32599 | Orc:2    | XOM: swap monsters
 32679 | Orc:2    | XOM: enchant monster (bad)
 32788 | Orc:2    | XOM: noise
 32820 | Orc:2    | Reached skill level 5 in Conjurations
 32848 | Orc:2    | XOM: summons 9 hostile demons
 33208 | Orc:2    | XOM: enchant monster (good)
 33230 | Orc:2    | XOM: enchant monster (bad)
 33336 | Orc:1    | XOM: stat loss: -1 Dex (13/14)
 33492 | Orc:2    | XOM: 1-stop teleportation journey
 33538 | Orc:2    | XOM: noise
 33667 | Orc:2    | Found a staircase to the Elven Halls.
 33692 | Orc:1    | Noticed Fannar
 33707 | Orc:1    | Killed Fannar
 33794 | Orc:1    | Reached skill level 10 in Transmutations
 33804 | Orc:1    | XOM: blink monster(s)
 33904 | Orc:2    | XOM: give mutation
 33904 | Orc:2    | Gained mutation: You are very frail. (-20% HP) [Xom's
                  | mischief]
 34116 | Orc:1    | Found Deppaomu's General Store.
 34170 | Orc:1    | Noticed Maurice
 34182 | Orc:1    | Killed Maurice
 34418 | Orc:2    | XOM: god gift: 53 gold pieces
 34433 | Orc:2    | Found Savo's Antique Weapon Emporium.
 34433 | Orc:2    | Found Vuwiw's Book Shop.
 34435 | Orc:2    | Found Mixep's Distillery.
 34437 | Orc:2    | Found Ysoipn's Magic Scroll Shoppe.
 34529 | Orc:2    | Bought a glimmering dagger for 252 gold pieces
 34529 | Orc:2    | Identified the +2 dagger "Kimneuta" {freeze, *Rage rPois
                  | rN+++ Dex+3} (You bought it in a shop on level 2 of the
                  | Orcish Mines)
 34572 | Orc:1    | Bought a +0 rapier of speed for 210 gold pieces
 34576 | Orc:1    | XOM: god gift: scroll of fog
 34620 | Orc:2    | Bought Ozocubu's Autobiography for 312 gold pieces
 34624 | Orc:2    | Learned a level 3 spell: Ozocubu's Armour
 34667 | Orc:1    | Bought a potion of mutation for 120 gold pieces
 34667 | Orc:1    | Lost mutation: You occasionally shout uncontrollably at
                  | your foes. [potion of mutation]
 34667 | Orc:1    | Lost mutation: You possess an exceptional clarity of mind.
                  | [potion of mutation]
 34710 | Orc:2    | Bought a potion of curing for 51 gold pieces
 34710 | Orc:2    | Bought a potion of heal wounds for 85 gold pieces
 34710 | Orc:2    | Bought a potion of berserk rage for 85 gold pieces
 34940 | D:14     | Bought 2 throwing nets for 90 gold pieces
 34950 | D:14     | XOM: cloud trail
 35015 | D:12     | XOM: noise
 35188 | D:6      | XOM: silly message
 35261 | D:1      | Bought a scroll of silence for 133 gold pieces
 35328 | D:2      | Noticed Crazy Yiuf
 35328 | D:2      | Crazy Yiuf changed into Crazy Yiuf the adder
 35330 | D:2      | Killed Crazy Yiuf the adder
 35593 | Swamp:1  | Entered Level 1 of the Swamp
 35617 | Lair:2   | XOM: silly message
 35660 | Lair:2   | XOM: cloud trail
 35665 | Snake:1  | Entered Level 1 of the Snake Pit
 35942 | Snake:1  | Reached skill level 1 in Ice Magic
 36151 | Snake:1  | XOM: confuse monster(s)
 36167 | Snake:1  | XOM: draining
 36187 | Snake:1  | XOM: potion effect (magic)
 36193 | Snake:1  | Slain by a black mamba

Illustrated notes

Levels and vault maps discovered:
D:1:      dpeg_arrival_concentric_ovals, layout_rooms, serial_shops,
          nicolae_shop_hallway_stairs, shop, nicolae_shop_bloodbath_and_beyond,
          shop_statue, chequers_serial_rivers_micro_b
D:2:      layout_loops_ring, dreamdust_ecumenical_altar_sealed_demon,
          minmay_hexomino_u4, uniq_crazy_yiuf_cottage
D:3:      layout_rooms, bloody_makhleb
D:4:      layout_loops_cross, kennysheep_donut, uniq_ijyb
D:5:      layout_rooms, serial_shops, nicolae_shop_waterfront,
          nicolae_shop_statue_plus, supply_closet_lemuel
D:6:      nicolae_cairo_tiling, layout_basic,
          mainiacjoe_overflow_surrounded_room, uniq_blork_the_orc,
          uniq_eustachio
D:7:      layout_cave_pools, minmay_temple_entry_wispy
D:8:      layout_loops_cross, enter_bailey_6
D:9:      layout_stronghold, amcnicky_mini_pool_small
D:10:     layout_loops_cross, slow_altar_1, nicolae_vehumet_radiance,
          mainiacjoe_overflow_swirl, erik_lair_orcish_takeover,
          chequers_arboretum
D:11:     layout_rooms, serial_shops, kennysheep_mini_moat, uniq_sonja
D:12:     layout_loops_cross, hiddenorc1_lemuel, wad_mini_maze, uniq_urug
D:13:     layout_basic, serial_shops, bzr_in_the_mist
D:14:     kennysheep_ambush_hall, layout_irregular_city, david_vaults_3,
          minivault_27, serial_shops, nicolae_shop_behind_doors,
          nicolae_shop_trees, nicolae_shop_window_shopping, nicolae_shop_stone
D:15:     grunt_enter_depths_magical_seal, layout_basic,
          chequers_decorated_corner, uniq_jorgrun
Temple:   nicolae_temple_superstar
Lair:1:   layout_hall_layers, chequers_serial_rivers_small_3,
          beast_lair_carwin_4, serial_bayou_shore_b, serial_bayou_shore_a
Lair:2:   minmay_lair_venomous_thicket, layout_hall_layers,
          minmay_snake_entry_guardpost_medium, serial_bayou,
          serial_bayou_shore_b, serial_bayou_crossing, serial_bayou_pond_e,
          serial_bayou_lagoon_a, serial_bayou_shore_b
Lair:3:   layout_hall_layers, skrybe_swamp_entry_bodies,
          minmay_stone_trees_medium, grunt_megastairs_2
Lair:4:   layout_cave_shapes, nicolae_slime_entry_slimehenge,
          gauntlet_entry_generic, minmay_lair_oklob_bushes, lemuel_fruit_fields
Lair:5:   hangedman_lair_tendril_chambers, layout_gridlike,
          portal_ice_cave_entry_pillars_2, st_stairs_6
Swamp:1:  layout_basic_swamp, hangedman_swamp_diagram, swamp_pool2
Snake:1:  layout_onion_interference, nicolae_snake_linked_coils,
          nicolae_snake_springs, uniq_aizul
Orc:1:    layout_diamond_mine, serial_shops, nicolae_shop_stone, uniq_maurice,
          uniq_fannar, uniq_harold
Orc:2:    st_orc_rangers, layout_caves

Skill      XL: |  1  2  3  4  5  6  7  8  9 10 11 12 13 14 15 16 |
---------------+-------------------------------------------------+-----
Stealth        | 5 6 7 8 9 10 12 14 15 17 19 20 | 20.5
Fighting       | 1 2 3 4 5 6 7 8 9 10 11 | 11.5
Hexes          | 4 5 6 7 9 |  9.0
Spellcasting   | 3 4 6 7 10 11 | 11.3
Dodging        | 5 8 10 12 14 15 | 15.6
Short Blades   | 3 7 8 10 11 12 | 12.0
Transmutations | 2 3 8 11 | 11.1
Evocations     | 4 5 6 |  6.3
Shields        | 1 4 |  4.0
Conjurations   | 4 5 |  5.0
Ice Magic      | 1 |  1.6

Action                   |  1- 3 |  4- 6 |  7- 9 | 10-12 | 13-15 | 16-18 || total
-------------------------+-------+-------+-------+-------+-------+-------++-------
Melee: Dagger            |    77 |    90 |   369 |   373 |       |       ||   909
       Punch             |       |     1 |     8 |    12 |     6 |       ||    27
       Rapier            |       |       |       |   301 |  1437 |   315 ||  2053
       Kick              |       |       |       |   115 |   653 |   123 ||   891
       Headbutt          |       |       |       |    72 |   430 |       ||   502
       Bite              |       |       |       |       |     6 |    53 ||    59
 Cast: Ensorcelled Hiber |    12 |    30 |    11 |     1 |       |       ||    54
       Confusing Touch   |       |     2 |    49 |   102 |    71 |     3 ||   227
       Tukima's Dance    |       |     3 |    32 |    23 |     5 |     3 ||    66
       Dazzling Flash    |       |       |    10 |    14 |     8 |     7 ||    39
Evoke: Wand              |       |       |    15 |    13 |     6 |     1 ||    35
       Lightning rod     |       |       |       |     6 |       |       ||     6
       Box of beasts     |       |       |       |     1 |     2 |     1 ||     4
       Condenser vane    |       |       |       |       |       |     1 ||     1
  Use: Scroll            |     4 |     5 |     7 |     5 |    11 |     5 ||    37
       Potion            |       |       |       |     2 |     4 |     2 ||     8
 Stab: Sleeping          |    20 |    25 |    15 |    25 |    25 |     4 ||   114
       Distracted        |     1 |     1 |     4 |     4 |    10 |     2 ||    22
       Confused          |       |     2 |    39 |    71 |    61 |     2 ||   175
       Invisible         |       |       |     6 |    22 |    26 |    13 ||    67
       Paralysed         |       |       |       |     3 |     1 |       ||     4
       Petrified         |       |       |       |       |     2 |       ||     2
       Betrayed ally     |       |       |       |       |     1 |       ||     1
       Petrifying        |       |       |       |       |     1 |       ||     1
Armor: Robe              |     4 |    15 |    17 |    22 |       |       ||    58
       Troll leather arm |       |       |       |    19 |    29 |       ||    48
       Acid dragon scale |       |       |       |       |   206 |    28 ||   234
Dodge: Dodged            |    40 |    60 |   319 |   453 |  1276 |   371 ||  2519
Block: Buckler           |       |       |       |       |   342 |   157 ||   499

Table legend: (Time is in decaauts)
 A = Elapsed time spent in this place.
 B = Non-inter-level travel time spent in this place.
 C = Inter-level travel time spent in this place.
 D = Time resting spent in this place.
 E = Time spent auto-exploring this place.
 F = Levels seen in this place.
 G = Mean time per level.
                   A        B        C        D        E       F      G
               +--------+--------+--------+--------+--------+-----+--------+
         Total |  27320 |  25065 |   2255 |   2498 |  16350 |  30 |  910.7 |
       Dungeon |  16163 |  14380 |   1783 |   1629 |   9433 |  15 | 1077.5 |
        Temple |     67 |     61 |      6 |      0 |     36 |   1 |   67.0 |
          Lair |   6195 |   5926 |    269 |    327 |   4079 |   5 | 1239.0 |
         Swamp |      1 |      1 |      0 |      0 |      0 |   1 |    1.0 |
     Snake Pit |    425 |    425 |      0 |     83 |    253 |   1 |  425.0 |
  Orcish Mines |   2043 |   1849 |    194 |    199 |   1237 |   2 | 1021.5 |
         Abyss |     27 |     27 |      0 |      0 |      0 |   1 |   27.0 |
        Bazaar |     41 |     41 |      0 |      0 |     38 |   1 |   41.0 |
        Bailey |   1030 |   1030 |      0 |    134 |    518 |   1 | 1030.0 |
      Ice Cave |    917 |    917 |      0 |    125 |    460 |   1 |  917.0 |
      Gauntlet |    405 |    405 |      0 |      0 |    294 |   1 |  405.0 |
               +--------+--------+--------+--------+--------+-----+--------+

Top non-repeatable levels by time:
     D:1: 2101 daAuts
  Lair:1: 2058 daAuts
    D:15: 1894 daAuts
     D:6: 1526 daAuts
  Lair:2: 1501 daAuts
    D:12: 1393 daAuts
     D:2: 1273 daAuts
  Lair:5: 1150 daAuts
   Orc:1: 1077 daAuts
    D:10: 1054 daAuts
    D:14: 1050 daAuts
  Bailey: 1030 daAuts
     D:4: 996 daAuts
   Orc:2: 965 daAuts
     D:9: 947 daAuts
